Map: [ESL] NeoHumanity

Players

NightMare - Winner!

  • Race: Protoss Protoss

Nice

  • Race: Protoss Protoss

Event: IEM Katowice 2023

VOD

Have the link to the VOD?

Description

Time

  • Played on: Feb. 8, 2023, 10:34 a.m.
  • Length: 11:49

All games in this series

Show
View Real Time Build Order
Export as new Build Order

NightMare Protoss - Winner!

Build Orders:  

Get SALT Encoding   

  12  0:00  Probe  
  13  0:12  Probe  
  14  0:17  Pylon  
  14  0:24  Probe (Chrono Boost)  
  15  0:36  Gateway, Probe (Chrono Boost)  
  16  0:44  Probe (Chrono Boost)  
  16  0:47  Assimilator  
  17  0:51  Probe  
  17  0:56  Assimilator  
  18  1:03  Probe (Chrono Boost)  
  19  1:08  Gateway  
  20  1:12  Probe (Chrono Boost)  
  20  1:17  Probe (Chrono Boost)  
  20  1:24  Cybernetics Core  
  21  1:29  Probe  
  22  1:34  Pylon  
  22  1:41  Probe  
  23  1:53  Probe  
  24  2:02  Sentry, Stalker  
  24  2:05  Warp Gate  
  24  2:08  Pylon  
  28  2:27  Stalker  
  30  2:32  Stalker  
  32  2:43  Robotics Facility  
  32  2:53  Gateway  
  32  2:59  Stalker  
  32  3:02  Stalker  
  36  3:12  Pylon, Shield Battery  
  36  3:27  Warp Prism (Chrono Boost)  
  38  3:55  Stalker x3  
  44  4:23  Nexus  
  44  4:32  Pylon  
  44  4:42  Probe  
  45  4:54  Probe  
  46  5:00  Adept x3  
  46  5:02  Observer  
  46  5:06  Probe  
  54  5:29  Probe (Chrono Boost)  
  54  5:33  Twilight Council  
  56  5:36  Probe (Chrono Boost)  
  56  5:39  Sentry x2  
  56  5:40  Probe (Chrono Boost)  
  61  5:45  Probe (Chrono Boost)  
  61  5:46  Probe (Chrono Boost)  
  63  5:51  Shield Battery  
  63  5:52  Probe  
  63  5:55  Probe  
  65  6:04  Probe  
  65  6:05  Blink (Chrono Boost)  
  65  6:07  Probe  
  65  6:10  Pylon  
  67  6:16  Probe  
  68  6:19  Probe  
  69  6:28  Probe, Immortal  
  69  6:32  Probe  
  75  6:34  Assimilator  
  75  6:36  Pylon  
  75  6:40  Probe  
  75  6:44  Probe  
  77  6:58  Stalker x3  
  83  7:01  Probe x2  
  86  7:10  Nexus  
  84  7:19  Pylon  
  84  7:22  Probe x2  
  82  7:25  Pylon  
  82  7:27  Observer  
  82  7:37  Probe x2  
  78  7:46  Stalker x3  
  78  7:49  Probe x2  
  83  8:01  Probe x2 (Chrono Boost)  
  85  8:06  Shield Battery  
  85  8:09  Robotics Facility, Robotics Bay  
  85  8:12  Probe x2 (Chrono Boost)  
  87  8:15  Observer  
  87  8:16  Probe x2 (Chrono Boost)  
  89  8:22  Gateway  
  89  8:23  Probe  
  89  8:24  Gateway  
  90  8:27  Probe x2  
  90  8:31  Gateway  
  92  8:34  Shield Battery  
  92  8:45  Probe x3  
  92  8:46  Forge  
  95  8:52  Pylon  
  95  8:53  Stalker  
  95  8:54  Stalker x2  
  101  8:57  Disruptor (Chrono Boost)  
  101  9:00  Disruptor (Chrono Boost)  
  107  9:17  Gateway  
  107  9:18  Protoss Ground Weapons Level 1 (Chrono Boost), Gateway  
  107  9:20  Disruptor (Chrono Boost)  
  107  9:23  Gateway  
  108  9:24  Disruptor (Chrono Boost)  
  108  9:31  Shield Battery  
  111  9:32  Assimilator x2  
  111  9:33  Shield Battery, Pylon  
  111  9:34  Pylon  
  111  9:44  Stalker x3  
  117  9:54  Stalker x3  
  117  9:58  Observer  
  123  10:04  Nexus  
  123  10:08  Pylon  
  123  10:14  Stalker x3  
  125  10:19  Pylon  
  129  10:29  Stalker x4  
  129  10:34  Stalker  
  138  10:38  Disruptor (Chrono Boost)  
  141  10:49  Assimilator, Stalker x3  
  147  10:54  Pylon x2  
  143  11:13  Stalker x6  
  143  11:16  Stalker  
  151  11:30  Stalker x2  
  147  11:41  Stalker x6  
Show
View Real Time Build Order
Export as new Build Order

Nice Protoss 

Build Orders: Oracle Opening 

Get SALT Encoding   

  12  0:00  Probe  
  13  0:12  Probe  
  14  0:17  Pylon  
  14  0:24  Probe (Chrono Boost)  
  16  0:37  Gateway, Probe (Chrono Boost)  
  16  0:42  Probe (Chrono Boost)  
  16  0:45  Assimilator  
  17  0:52  Probe  
  17  0:53  Assimilator  
  18  1:04  Probe (Chrono Boost)  
  19  1:07  Gateway  
  19  1:13  Probe (Chrono Boost)  
  19  1:18  Probe (Chrono Boost)  
  20  1:24  Cybernetics Core  
  21  1:30  Probe  
  22  1:42  Pylon, Probe  
  23  2:00  Stargate  
  23  2:04  Warp Gate  
  27  2:11  Stalker  
  27  2:14  Pylon, Probe  
  26  2:19  Stalker  
  28  2:35  Probe  
  29  2:45  Oracle (Chrono Boost)  
  31  3:00  Nexus  
  31  3:06  Pylon  
  31  3:15  Robotics Facility  
  31  3:20  Probe  
  32  3:32  Probe  
  33  3:38  Shield Battery  
  33  3:44  Probe  
  34  3:53  Stalker  
  34  3:54  Sentry  
  38  3:56  Gateway  
  38  4:05  Immortal (Chrono Boost)  
  42  4:15  Shield Battery  
  42  4:18  Sentry  
  42  4:24  Stalker  
  46  4:36  Observer (Chrono Boost)  
  47  4:42  Zealot  
  47  4:53  Observer  
  47  4:56  Probe x2  
  47  4:58  Immortal  
  53  5:01  Pylon  
  53  5:08  Probe x2  
  53  5:11  Stalker  
  57  5:20  Zealot, Probe  
  60  5:25  Observer  
  57  5:28  Phoenix (Chrono Boost)  
  57  5:32  Probe x2 (Chrono Boost)  
  63  5:44  Probe x2 (Chrono Boost)  
  63  5:49  Warp Prism  
  63  5:50  Probe (Chrono Boost)  
  63  5:52  Probe (Chrono Boost)  
  67  6:00  Probe  
  67  6:02  Observer  
  68  6:08  Twilight Council  
  68  6:09  Probe  
  68  6:11  Pylon  
  69  6:15  Probe  
  70  6:29  Probe x2  
  70  6:32  Nexus, Observer (Chrono Boost)  
  73  6:39  Shield Battery  
  73  6:41  Probe x2  
  73  6:43  Pylon, Blink (Chrono Boost)  
  75  6:51  Assimilator  
  75  6:53  Probe  
  76  6:55  Probe  
  76  6:59  Immortal (Chrono Boost)  
  81  7:05  Probe  
  81  7:07  Probe  
  83  7:17  Probe  
  83  7:19  Probe  
  83  7:20  Stalker  
  85  7:24  Zealot  
  82  7:33  Zealot  
  80  7:37  Probe x2  
  80  7:45  Probe  
  80  7:49  Probe x2  
  83  7:57  Probe  
  84  8:01  Probe x2  
  84  8:03  Pylon  
  83  8:09  Probe  
  83  8:10  Stalker x3  
  90  8:13  Forge, Probe x2  
  92  8:21  Immortal (Chrono Boost), Probe  
  92  8:25  Probe  
  92  8:26  Probe  
  99  8:32  Assimilator  
  99  8:33  Probe  
  99  8:34  Protoss Ground Weapons Level 1 (Chrono Boost), Assimilator  
  100  8:40  Stalker x2  
  100  8:41  Probe, Stalker  
  106  8:44  Pylon  
  107  8:57  Nexus  
  107  8:59  Nexus  
  107  9:00  Probe x2  
  109  9:06  Charge (Chrono Boost)  
  109  9:12  Gateway x2  
  109  9:19  Gateway  
  105  9:28  Probe x3  
  108  9:33  Gateway  
  108  9:35  Gateway  
  108  9:36  Shield Battery  
  108  9:37  Robotics Bay  
  108  9:40  Probe  
  108  9:41  Probe x2  
  108  9:43  Unknown  
  111  9:46  Photon Cannon  
  111  9:52  Probe  
  112  9:54  Probe x2  
  114  10:00  Assimilator  
  114  10:03  Pylon  
  114  10:04  Probe  
  114  10:06  Probe  
  114  10:07  Probe  
  117  10:09  Fleet Beacon  
  117  10:10  Pylon  
  117  10:15  Dark Shrine  
  117  10:16  Photon Cannon, Probe  
  117  10:18  Shield Battery, Observer (Chrono Boost)  
  117  10:21  Pylon  
  119  10:24  Probe x3  
  122  10:28  Probe  
  122  10:30  Pylon, Photon Cannon  
  122  10:34  Gravitic Boosters (Chrono Boost)  
  123  10:38  Fleet Beacon  
  123  10:39  Zealot x2  
  125  10:44  Shield Battery  
  125  10:46  Pylon  
  125  10:48  Observer (Chrono Boost)  
  126  10:54  Pylon  
  126  10:55  Robotics Facility  
  126  10:56  Pylon  
  126  10:58  Zealot  
  111  11:13  Zealot x7  
  110  11:38  Zealot x2  
  110  11:39  Stalker x5  

Tags
 
Add a new tag
Caveats
  • Supply blocks, unpowered buildings, or Contaminate may cause inaccurate times.
  • Supply counts are checked every 10 seconds.